 Dungeon Crawl Stone Soup version 0.19.5 (webtiles) character file.

86 equalderp2856 the Scratcher (level 4, -2/21 HPs)
             Began as a Felid Fighter on Mar 11, 2017.
             Slain by an orc
             ... wielding a +0 mace
              (5 damage)
             ... on level 4 of the Dungeon.
             The game lasted 00:09:09 (3461 turns).

equalderp2856 the Scratcher (Felid Fighter)         Turns: 3461, Time: 00:09:09

Health: -2/21      AC:  1    Str: 13    XL:     4   Next: 27%
Magic:  5/5        EV: 20    Int: 10    God:
Gold:   112        SH:  0    Dex: 15    Spells: 0 memorised, 3 levels left
                                        Lives:  0   Deaths: 1

rFire  . . .     SeeInvis +       - Unarmed
rCold  . . .     Gourm    .     (armour unavailable)
rNeg   . . .     Faith    .     (shield unavailable)
rPois  .         Spirit   .     (helmet unavailable)
rElec  .         Reflect  .     (cloak unavailable)
rCorr  .         Harm     .     (gloves unavailable)
MR     .....                    (boots unavailable)
Stlth  +++.......               (no amulet)
                                (no ring)
                                (no ring)

@: quick
A: no armour, no weapons or thrown items, stealth, claws 1, fangs 3, see
invisible, carnivore 3, speed 1, shaggy fur 1, slow metabolism 1, sharp paws
a: no special abilities


You were on level 4 of the Dungeon.
You were full.

You visited 1 branch of the dungeon, and saw 4 of its levels.

You collected 112 gold pieces.

Inventory:

Missiles
 h - 101 arrows
Jewellery
 q - a cursed amulet of inaccuracy {unknown}
 s - a +5 ring of intelligence {unknown}
 t - an uncursed ring of wizardry {unknown}
Scrolls
 c - 6 scrolls of identify {unknown}
 d - 2 scrolls of teleportation {unknown}
 e - 2 scrolls of fear {unknown}
 f - a scroll of noise {unknown}
 g - a scroll of amnesia {unknown}
 k - 2 scrolls of fog {unknown}
 r - a scroll of remove curse {unknown}
Potions
 a - 3 potions of might
 i - a potion of lignification
 j - 2 potions of brilliance {unknown}
 n - a potion of heal wounds {unknown}
 o - a potion of ambrosia {unknown}
Comestibles
 b - 2 meat rations
 l - a slice of pizza
 m - 2 bread rations
 p - 2 fruits


   Skills:
 + Level 3.3 Fighting
 + Level 5.0 Dodging
 + Level 2.7 Stealth
 + Level 5.4 Unarmed Combat


You had 3 spell levels left.
You didn't know any spells.

Dungeon Overview and Level Annotations

Branches:
Dungeon (4/15)
 Temple: D:4-7

Altars:
Fedhas
Nemelex Xobeh
Okawaru
Vehumet
Xom
Yredelemnul

Annotations:
D:2 Terence
D:3 equalderp2856's ghost, weakling FeFi


Innate Abilities, Weirdness & Mutations

You cannot wear armour.
You are incapable of wielding weapons or throwing items.
Your paws allow you to move quietly. (Stealth)
You have sharp claws.
You have razor-sharp teeth.
You have supernaturally acute eyesight. (SInv)
You are carnivorous and can eat meat at any time.
You cover ground quickly.
You are covered in fur. (AC +1)
You have a slow metabolism.
Your sharp claws are effective at attacking unaware monsters.


Message History

You scratch the orc. You bite the orc, but do no damage.
The orc is lightly wounded.
The orc completely misses you.
You barely miss the orc.
The orc is lightly wounded.
You barely miss the orc.
The orc is lightly wounded.
The orc hits you with a war axe!
* * * LOW HITPOINT WARNING * * *
You scratch the orc.
The orc is almost dead.
The phantom blinks!
The orc completely misses you.
You scratch the orc.
You kill the orc!
The orc barely misses you.
Items here: ( ) [ † a war axe; a ring mail; a tomahawk; an orc corpse You see here a tomahawk.
The orc hits you with a mace.
You die...

### ..............# ..#
#. ...##.........# ..#
#.. .o #........o.#
..#... . #.#....o.o<#
..#.#.# #..........#
....#.# # #..#########
....#.# #. #.(#########
.#..#.###..##..........#
.##..........>..@......#
.##...###..##.#o...<...#
...?.......$.(.........#
###.....#..##)#........#
###.#....##.#........#
#......##(#........#
#..._..##(##########
#.._8_.##÷# ##.._..##.#


You could see an orc.

Vanquished Creatures
  A hound (D:4)
  A worker ant (D:3)
  4 adders
  3 dart slugs
  2 leopard geckos (D:2)
  An orc (D:4)
  2 ball pythons (D:2)
  4 giant cockroaches
  8 goblins
  7 hobgoblins
  8 jackals (D:3)
  2 kobolds (D:2)
  A quokka (D:2)
  4 bats
  6 frilled lizards
  3 rats
57 creatures vanquished.

Notes
Turn   | Place    | Note
-------+----------+-------------------------------------------
     0 | D:1      | equalderp2856 the Felid Fighter began the quest for the Orb.
     0 | D:1      | Reached XP level 1. HP: 10/10 MP: 2/2
   135 | D:1      | Reached XP level 2. HP: 14/14 MP: 3/3
   575 | D:1      | You fall through a shaft!
   580 | D:2      | Noticed Terence
   739 | D:2      | Reached skill level 1 in Stealth
   939 | D:1      | Reached XP level 3. HP: 3/17 MP: 4/4
  1136 | D:2      | Found a basalt altar of Yredelemnul.
  1734 | D:3      | Found a faded altar of an unknown god.
  1739 | D:3      | Noticed equalderp2856's ghost (weakling FeFi)
  2008 | D:2      | Reached XP level 4. HP: 21/21 MP: 5/5
  2190 | D:3      | Reached skill level 5 in Unarmed Combat
  2623 | D:4      | Found a shimmering altar of Xom.
  2623 | D:4      | Found a blossoming altar of Fedhas.
  2625 | D:4      | Found an iron altar of Okawaru.
  2625 | D:4      | Found a radiant altar of Vehumet.
  2656 | D:4      | Noticed a phantom
  2675 | D:4      | Reached skill level 5 in Dodging
  2827 | D:3      | Reached XP level 5. HP: 18/24 MP: 6/6
  2941 | D:3      | Found a sparkling altar of Nemelex Xobeh.
  3014 | D:3      | Slain by an orc
  3015 | D:3      | Reached XP level 4. HP: 0/21 MP: 5/5
  3393 | D:4      | Noticed a phantom
  3461 | D:4      | Slain by an orc

Skill      XL: |  1  2  3  4 |
---------------+-------------+-----
Stealth        | 1 2 |  2.7
Unarmed Combat | 5 |  5.4
Dodging        | 5 |  5.0
Fighting       | |  3.3

Action                   |  1- 3 |  4- 6 || total
-------------------------+-------+-------++-------
Melee: Unarmed           |   109 |    82 ||   191
       Bite              |     8 |     6 ||    14
       Punch             |     2 |     2 ||     4
  Use: Potion            |     2 |       ||     2
 Stab: Sleeping          |     5 |     1 ||     6
  Eat: Chunk             |     6 |     6 ||    12
Armor: Skin              |     1 |     1 ||     2
Dodge: Dodged            |    93 |    98 ||   191
